 Dungeon Crawl Stone Soup version 0.30.1-11-g7821555f0a (webtiles) character file.

Game seed: 16134909689102871544

77 Kagerus the Digger (level 4, -5/27 HPs)
             Began as a Gargoyle Earth Elementalist on Nov 7, 2023.
             Slain by a gnoll
             ... wielding a +0 flail
              (12 damage)
             ... on level 2 of the Dungeon.
             The game lasted 00:10:09 (1930 turns).

Kagerus the Digger (Gargoyle Earth Elementalist)    Turns: 1930, Time: 00:10:09

Health: -5/27      AC:  5    Str: 12    XL:     4   Next: 33%
Magic:  12/16      EV: 11    Int: 17    God:
Gold:   109        SH:  0    Dex: 10    Spells: 0/8 levels left

rFire   . . .        h - +0 mace
rCold   . . .        (no shield)
rNeg    + . .        a - +0 robe
rPois   ∞            (no helmet)
rElec   +            (no cloak)
rCorr   .            (no gloves)
SInv    .            (no boots)
Will    .....        (no amulet)
Stlth   ++           i - ring of magical power
HPRegen 0.24/turn    (no ring)
MPRegen 0.15/turn

%: no passive effects
@: no status effects
A: sickness immunity, AC +3, negative energy resistance 1, electricity
resistance, torment resistance 1, petrification resistance
a: no special abilities


You were on level 2 of the Dungeon.
You visited 1 branch of the dungeon, and saw 2 of its levels.

You collected 109 gold pieces.

Inventory:

Hand Weapons
 h - a +0 mace (weapon)
Armour
 a - a +0 robe (worn)
Jewellery
 e - a ring of ice
 i - a ring of magical power (left hand)
Potions
 b - a potion of magic
 c - a potion of lignification {unknown}
 d - 2 potions of heal wounds {unknown}
 f - a potion of resistance
 g - 2 potions of curing
 j - a potion of invisibility {unknown}


   Skills:
 + Level 2.3 Fighting
 - Level 1.5 Dodging
 - Level 2.1 Stealth
 - Level 2.5 Spellcasting
 - Level 0.7 Transmutations
 + Level 4.8 Earth Magic


You couldn't memorise any spells.
You knew the following spells:

 Your Spells              Type           Power      Damage    Failure   Level
a - Sandblast             Erth           36%        2d10      2%          1
b - Stone Arrow           Conj/Erth      20%        3d8       21%         3
c - Passwall              Tmut/Erth      9%         N/A       9%          2
d - Blink                 Tloc           4%         N/A       28%         2

Your spell library contained the following spells:

 Spells                   Type           Power      Damage    Failure   Level
 Wereblood                Tmut           4%         N/A       21%         2
 Lesser Beckoning         Tloc           4%         N/A       28%         2
 Momentum Strike          Conj/Tloc      4%         3d8       28%         2
 Petrify                  Tmut/Erth      11%        N/A       52%         4
 Summon Hydra             Summ           1%         N/A       100%        7
 Sublimation of Blood     Necr           Unusable   N/A       N/A         2

Dungeon Overview and Level Annotations

Branches:
Dungeon (2/15)

Altars:

Annotations:
D:2 Sigmund


Innate Abilities, Weirdness & Mutations

You are immune to sickness and miasma.
Your stone body is resilient. (AC +3)
You are immune to poison.
You resist negative energy. (rN+)
You are resistant to electric shocks. (rElec)
You are resistant to unholy torment.
You are immune to petrification.


Message History

The gnoll hits you but does no damage.
Casting: Sandblast (safe; 2% risk of failure)
Confirm with . or Enter, or press ? or * to list all spells.
Aiming: Sandblast (safe; 2% risk of failure)
Press: ? - help, Shift-Dir - straight line, f/p - gnoll
Aim: a gnoll, wielding a +0 club and wearing a +0 scale mail (moderately wounded, 87% to hit)
The blast of sand hits the gnoll.
The gnoll is heavily wounded.
The gnoll hits you with a +0 club. The gnoll barely misses you.
Casting: Sandblast (safe; 2% risk of failure)
Confirm with . or Enter, or press ? or * to list all spells.
Aiming: Sandblast (safe; 2% risk of failure)
Press: ? - help, Shift-Dir - straight line, f/p - gnoll
Aim: a gnoll, wielding a +0 club and wearing a +0 scale mail (heavily wounded, 87% to hit)
The blast of sand hits the gnoll but does no damage.
The gnoll is heavily wounded.
The gnoll barely misses you.
Casting: Sandblast (safe; 2% risk of failure)
Confirm with . or Enter, or press ? or * to list all spells.
Aiming: Sandblast (safe; 2% risk of failure)
Press: ? - help, Shift-Dir - straight line, f/p - gnoll
Aim: a gnoll, wielding a +0 club and wearing a +0 scale mail (heavily wounded, 87% to hit)
The blast of sand hits the gnoll!
You kill the gnoll!
The gnoll hits you with a +0 flail.
Press: ? - help, v - describe, . - travel
Here: a gnoll, wielding a +0 halberd (unusually resistant)
The floor.
The gnoll is no longer unusually resistant.
The gnoll attacks as you move away! The gnoll hits you with a +0 flail.
The gnoll attacks as you move away! The gnoll closely misses you.
The gnoll attacks as you move away! The gnoll hits you with a +0 flail.
The gnoll attacks as you move away! The gnoll completely misses you.
The gnoll attacks as you move away! The gnoll completely misses you.
The gnoll attacks as you move away! The gnoll hits you with a +0 flail.
The gnoll attacks as you move away! The gnoll hits you with a +0 flail!
* * * LOW HITPOINT WARNING * * *
The gnoll attacks as you move away! The gnoll barely misses you.
The gnoll attacks as you move away! The gnoll hits you with a +0 flail!
You die...

#.......## ....# #####
#.##.#### ..### # ####.#..#
#### # .....#..# #
#...#####.### #
#>........... #
###.#######.# .
#######.#######.# .
........g@....#.# .
#######.#######.#
############.#######.######
#........g.g...............
##.####(...................
#.# ######.#######.######
#g# #.# .# #.# #.# r. #.#
#.# .##


You could see a gnoll.

Vanquished Creatures
  2 gnolls (D:2)
  An adder (D:2)
  A worm (D:2)
  4 ball pythons
  4 endoplasms
  A giant cockroach (D:1)
  7 hobgoblins
  7 jackals
  4 kobolds
  A bat (D:2)
  2 frilled lizards
  3 goblins
  5 rats
42 creatures vanquished.

Notes
Turn   | Place    | Note
-------+----------+-------------------------------------------
     0 | D:1      | Kagerus the Gargoyle Earth Elementalist began the quest for
                  | the Orb.
     0 | D:1      | Reached XP level 1. HP: 10/10 MP: 3/3
   190 | D:1      | Reached XP level 2. HP: 15/15 MP: 1/5
   192 | D:1      | Reached skill level 4 in Earth Magic
   213 | D:1      | Found a faded altar of an unknown god.
   805 | D:1      | Reached XP level 3. HP: 20/20 MP: 6/6
  1434 | D:2      | Reached skill level 1 in Fighting
  1643 | D:2      | Learned a level 3 spell: Stone Arrow
  1646 | D:2      | Learned a level 2 spell: Passwall
  1683 | D:2      | Reached XP level 4. HP: 26/26 MP: 7/7
  1726 | D:2      | Noticed Sigmund
  1827 | D:2      | Learned a level 2 spell: Blink
  1930 | D:2      | Slain by a gnoll

Illustrated notes

Levels and vault maps discovered:
D:1:      dpeg_arrival_signposts, layout_loops_corners,
          shapermc_ecumenical_altar_mp_ritualfount,
          hangedman_abyss_or_decor_stabs, dreamdust_mushroom_princess
D:2:      layout_basic, serial_park_tiny_pond, grunt_decor_junction,
          uniq_sigmund

Skill      XL: |  1  2  3 |
---------------+----------+-----
Earth Magic    | 4 |  4.8
Fighting       | 2 |  2.3
Dodging        | |  1.5
Stealth        | |  2.1
Spellcasting   | |  2.5
Transmutations | |  0.7

Action                     |  1- 3 |  4- 6 || total
---------------------------+-------+-------++-------
  Melee: Unarmed           |     2 |       ||     2
         Mace              |    21 |     5 ||    26
   Cast: Sandblast         |    45 |    13 ||    58
    Use: Scroll            |     1 |       ||     1
   Stab: Sleeping          |     1 |       ||     1
 Armour: Robe              |    10 |     5 ||    15
  Dodge: Dodged            |    33 |    15 ||    48
